[Event "January 2 Early 2024"]
[Site "https://www.chess.com"]
[Date "2024.01.02"]
[Round "6"]
[White "Poltorak, Sebastian"]
[Black "Tiarks, Jann-Christian"]
[Result "0-1"]
[Board "84"]
[TimeControl "180+1"]
[WhiteFideId "1199498"]
[BlackFideId "12951595"]
[WhiteElo "2636"]
[BlackElo "2433"]
[WhiteTeam "POL"]
[BlackTeam "GER"]
[WhiteClock "0:00:13"]
[BlackClock "0:00:56"]

1. d4 c5 2. d5 d6 3. e4 e5 4. Be3 Nf6 5. Nd2 Be7 6. f3 Nbd7 7. a4 Nf8 8. Ne2 Ng6 9. g3 O-O 10. Bg2 Ne8 11. O-O Bg5 12. Bf2 Bxd2 13. Qxd2 f5 14. exf5 Bxf5 15. c4 Nf6 16. Nc3 Qd7 17. Rae1 Bh3 18. Be3 Bxg2 19. Kxg2 Rf7 20. Bg5 Raf8 21. Bxf6 Rxf6 22. Ne4 Rf5 23. b3 Rh5 24. h4 Rhf5 25. Ng5 Re8 26. Re3 b6 27. Rfe1 h6 28. Ne4 Ref8 29. Nf2 Qf7 30. Qe2 Rf4 31. Ne4 Rxh4 32. Nxd6 Qd7 33. Kg1 Rh3 34. Qg2 h5 35. Ne4 h4 36. Kf2 hxg3+ 37. Nxg3 Nh4 38. Qg1 Qf7 39. Ke2 Nxf3 40. Qf2 Rh2 41. Rf1 Rxf2+ 42. Rxf2 Nd4+ 0-1

[Event "January 2 Early 2024"]
[Site "https://www.chess.com"]
[Date "2024.01.02"]
[Round "6"]
[White "Ovezdurdyyeva, Jemal"]
[Black "Hajiyev, Kanan"]
[Result "1-0"]
[Board "85"]
[TimeControl "180+1"]
[WhiteFideId "14001888"]
[BlackFideId "13404148"]
[WhiteElo "2422"]
[BlackElo "2634"]
[WhiteTeam "TKM"]
[BlackTeam "AZE"]
[WhiteClock "0:00:16"]
[BlackClock "0:00:09"]

1. e4 c6 2. d4 d5 3. Nc3 a6 4. Nf3 Bg4 5. Be2 e6 6. O-O Nf6 7. e5 Nfd7 8. Na4 b5 9. Nc3 c5 10. Be3 Bxf3 11. Bxf3 cxd4 12. Bxd4 Nc6 13. Re1 Nxd4 14. Qxd4 Bc5 15. Qf4 O-O 16. Ne2 Qb6 17. Rf1 b4 18. Ng3 Bd4 19. Rae1 Bxb2 20. Nh5 Qd4 21. Qg5 g6 22. Re3 Nxe5 23. Nf6+ Kg7 24. Nh5+ Kg8 25. Nf6+ Kh8 26. Qh6 Nxf3+ 27. Rxf3 Qxf6 28. Rxf6 Bxf6 29. Re1 Rfc8 30. Re2 Rc4 31. g3 Rac8 32. Re3 Rxc2 33. Rf3 Bg7 34. Qf4 f5 35. Qxb4 d4 36. Qe7 e5 37. Rb3 R2c7 38. Qd6 Rc6 39. Qd5 R6c7 40. Rb7 Rxb7 41. Qxb7 Rd8 42. Qc7 Bf6 43. Kf1 d3 44. Ke1 d2+ 45. Kd1 e4 46. Qb6 Kg7 47. Qxa6 Bg5 48. h4 Bh6 49. Qa7+ Kh8 50. Qe7 Rc8 51. Qf6+ Bg7 52. Qe7 Bh6 53. Qf6+ Bg7 54. Qe6 Rd8 55. Qe7 Ra8 56. Qf7 Bh6 57. Qf6+ Bg7 58. Qc6 Rd8 59. Qc7 Ra8 60. Kxd2 Rxa2+ 61. Ke1 Ra1+ 62. Ke2 Ra2+ 63. Kd1 Ra8 64. Qc6 Rd8+ 65. Ke2 Rf8 66. h5 gxh5 67. Qd6 h6 68. Qg6 Rf6 69. Qxh5 Kh7 70. Qe8 Rf8 71. Qd7 Kg6 72. Ke3 Rf6 73. Qe8+ Rf7 74. Qe6+ Rf6 75. Qe8+ Rf7 76. g4 Bf6 77. gxf5+ Kg7 78. Qc8 Re7 79. Kf4 Bg5+ 80. Kg4 Kf6 81. Qf8+ Ke5 82. Qh8+ Kd5 83. Qd8+ Ke5 84. Qd1 Rf7 85. Qa1+ Kd6 86. Qa3+ Ke5 87. Qc3+ Kd6 88. Qb4+ Ke5 89. Qc5+ Kf6 90. Qd6+ Kg7 91. Qe5+ Bf6 92. Qxe4 Re7 93. Qd5 Re5 94. Qd7+ Re7 95. Qc8 Re4+ 96. f4 Re7 97. Qa8 Rd7 98. Qe8 Re7 99. Qg6+ Kf8 100. Qxf6+ Rf7 101. Qxh6+ Kg8 102. Qg6+ Rg7 103. Kg5 Kf8 104. Qxg7+ Kxg7 105. f6+ Kf7 106. Kf5 Kf8 107. Ke6 Ke8 108. f7+ Kf8 109. f5 Kg7 110. Ke7 Kh6 111. f8=Q+ Kg5 1-0

[Event "January 2 Early 2024"]
[Site "https://www.chess.com"]
[Date "2024.01.02"]
[Round "6"]
[White "Begunov, Konstantin"]
[Black "Manukyan, Sargis A."]
[Result "0-1"]
[Board "86"]
[TimeControl "180+1"]
[WhiteFideId "4118510"]
[BlackFideId "13303970"]
[WhiteElo "2427"]
[BlackElo "2634"]
[WhiteTeam "RUS"]
[BlackTeam "ARM"]
[WhiteClock "0:00:09"]
[BlackClock "0:01:07"]

1. d4 d5 2. c4 e6 3. Nc3 Nf6 4. cxd5 Nxd5 5. g3 Nxc3 6. bxc3 c5 7. Bg2 cxd4 8. cxd4 Bb4+ 9. Bd2 Qxd4 10. Rc1 O-O 11. Nf3 Bxd2+ 12. Nxd2 Nc6 13. O-O Bd7 14. Nc4 Qxd1 15. Rfxd1 Rfd8 16. Nd6 Na5 17. Nxb7 Nxb7 18. Bxb7 Rab8 19. Rc7 Bb5 20. Rxd8+ Rxd8 21. Bf3 a6 22. Ra7 g6 23. a4 Bc4 24. e3 Rd2 25. Rc7 Rc2 26. Bb7 Rc1+ 27. Kg2 Bf1+ 0-1

[Event "January 2 Early 2024"]
[Site "https://www.chess.com"]
[Date "2024.01.02"]
[Round "6"]
[White "Domingo Nunez, Ruben"]
[Black "Kraus, Tomas"]
[Result "1-0"]
[Board "87"]
[TimeControl "180+1"]
[WhiteFideId "22245570"]
[BlackFideId "331708"]
[WhiteElo "2629"]
[BlackElo "2405"]
[WhiteTeam "ESP"]
[BlackTeam "CZE"]
[WhiteClock "0:00:34"]
[BlackClock "0:00:08"]

1. Nf3 Nf6 2. d4 d5 3. Bf4 Bf5 4. e3 e6 5. Bd3 Bg6 6. Bxg6 hxg6 7. c4 Bd6 8. Bxd6 Qxd6 9. c5 Qd7 10. Ne5 Qd8 11. Qb3 b6 12. Nc3 Nfd7 13. Qa4 O-O 14. Nd3 Qe7 15. b4 c6 16. f4 b5 17. Qb3 f6 18. O-O Kh8 19. a4 bxa4 20. Rxa4 e5 21. fxe5 fxe5 22. Rxf8+ Qxf8 23. dxe5 Qf5 24. Nxd5 Qe6 25. N3f4 Qf5 26. Ne7 Qf7 27. Qxf7 1-0

[Event "January 2 Early 2024"]
[Site "https://www.chess.com"]
[Date "2024.01.02"]
[Round "6"]
[White "Al-Tarboush, Ward"]
[Black "Preobrazhenskaya, Diana"]
[Result "1-0"]
[Board "88"]
[TimeControl "180+1"]
[WhiteFideId "7601450"]
[BlackFideId "34270566"]
[WhiteElo "2627"]
[BlackElo "2361"]
[WhiteTeam "NOR"]
[BlackTeam "FID"]
[WhiteClock "0:02:31"]
[BlackClock "0:00:02"]

1. e4 c5 2. Nf3 d6 3. d4 cxd4 4. Nxd4 Nf6 5. Nc3 a6 6. h3 e5 7. Nde2 h5 8. Bg5 Be6 9. g3 Nbd7 10. a4 Be7 11. Bg2 Rc8 12. O-O O-O 13. b3 Qa5 14. Qd2 Qc7 15. f4 exf4 16. gxf4 Nc5 17. f5 Bd7 18. b4 Ncxe4 19. Nxe4 Nxe4 20. Bxe4 Bxg5 21. Qxg5 Qb6+ 22. Kh2 d5 23. f6 Qd6+ 24. Rf4 g6 25. Qh6 Qxf4+ 26. Nxf4 1-0

[Event "January 2 Early 2024"]
[Site "https://www.chess.com"]
[Date "2024.01.02"]
[Round "6"]
[White "Souleidis, Georgios"]
[Black "Adelman, Charles"]
[Result "1-0"]
[Board "89"]
[TimeControl "180+1"]
[WhiteFideId "4206827"]
[BlackFideId "2003597"]
[WhiteElo "2626"]
[BlackElo "2222"]
[WhiteTeam "GRE"]
[BlackTeam "USA"]
[WhiteClock "0:00:06"]
[BlackClock "0:00:00"]

1. e4 Nf6 2. e5 Nd5 3. d4 d6 4. Nf3 dxe5 5. Nxe5 c6 6. Be2 Bf5 7. O-O e6 8. a3 Be7 9. c4 Nb6 10. Nc3 O-O 11. Be3 N8d7 12. Nf3 h6 13. h3 Nf6 14. Qb3 Qc7 15. a4 a5 16. d5 Bb4 17. Rac1 Nbd7 18. Nd4 Nc5 19. Qd1 Rad8 20. Nxf5 exf5 21. Bf3 Nfe4 22. Na2 Qd7 23. dxc6 Qxc6 24. Nxb4 axb4 25. Qc2 Qxa4 26. Bxe4 b3 27. Qc3 Nxe4 28. Qe5 Qd7 29. Rcd1 Qe6 30. Qb5 Qc6 31. Qxb3 Rc8 32. Rc1 Rfd8 33. Rc2 Nd6 34. Rfc1 Ne4 35. c5 Qg6 36. Qc4 Rc6 37. b4 Qf6 38. Bf4 Re6 39. b5 Ng5 40. Bxg5 Qxg5 41. c6 bxc6 42. bxc6 Rc8 43. c7 Qe7 44. Qc5 Qxc5 45. Rxc5 Re7 46. f4 Kf8 47. Kf2 Ke8 48. Kf3 Kd7 49. Rd1+ Ke8 50. Rdc1 Kd7 51. Rxf5 Rxc7 52. Rd5+ Kc8 53. Rcd1 1-0

[Event "January 2 Early 2024"]
[Site "https://www.chess.com"]
[Date "2024.01.02"]
[Round "6"]
[White "Ghosh, Chanchal Kumer"]
[Black "Avramidou, Anastasia"]
[Result "1-0"]
[Board "90"]
[TimeControl "180+1"]
[WhiteFideId "10201858"]
[BlackFideId "4239873"]
[WhiteElo "2067"]
[BlackElo "2622"]
[WhiteTeam "BAN"]
[BlackTeam "GRE"]
[WhiteClock "0:00:51"]
[BlackClock "0:00:04"]

1. e4 g6 2. Nf3 Bg7 3. d4 d6 4. h3 a6 5. c4 b6 6. Nc3 Bb7 7. Be2 Nd7 8. O-O e5 9. Be3 Ngf6 10. Qc2 exd4 11. Nxd4 O-O 12. Rad1 Re8 13. f3 Nh5 14. Qd2 Ng3 15. Rf2 Nxe2+ 16. Ndxe2 Ne5 17. b3 Qd7 18. f4 Nc6 19. f5 gxf5 20. exf5 Be5 21. Bh6 Kh8 22. Nd5 Rg8 23. Bg5 Rg7 24. Bf6 Bxf6 25. Nxf6 Qe7 26. Qh6 Qf8 27. Ng3 Ne5 28. Kh1 Rd8 29. Rd4 Nd7 30. Ngh5 Nxf6 31. Nxf6 d5 32. Rh4 Rd6 33. Qxh7+ Rxh7 34. Rxh7# 1-0

[Event "January 2 Early 2024"]
[Site "https://www.chess.com"]
[Date "2024.01.02"]
[Round "6"]
[White "Tari, Aryan"]
[Black "Z_Chess6"]
[Result "1-0"]
[Board "91"]
[TimeControl "180+1"]
[WhiteFideId "1510045"]
[WhiteElo "2915"]
[BlackElo "2200"]
[WhiteTeam "NOR"]
[WhiteClock "0:02:53"]
[BlackClock "0:02:39"]

1. b3 d5 2. Bb2 Nf6 3. e3 Bf5 4. f4 h6 5. Nf3 e6 6. Be2 c5 7. O-O Nc6 8. d3 Be7 9. Ne5 O-O 10. Nd2 Nxe5 11. fxe5 Ng4 12. Bxg4 1-0

[Event "January 2 Early 2024"]
[Site "https://www.chess.com"]
[Date "2024.01.02"]
[Round "6"]
[White "Novozhilov, Semen"]
[Black "Lehtosaari, Mauri"]
[Result "1-0"]
[Board "92"]
[TimeControl "180+1"]
[WhiteFideId "24289167"]
[BlackFideId "501999"]
[WhiteElo "2754"]
[BlackElo "2510"]
[WhiteTeam "RUS"]
[BlackTeam "FIN"]
[WhiteClock "0:01:32"]
[BlackClock "0:00:17"]

1. d4 d5 2. c4 c6 3. cxd5 cxd5 4. Bg5 h6 5. Bh4 Qb6 6. Qd2 e6 7. Nc3 Nd7 8. e3 Ngf6 9. Bd3 Bb4 10. f3 e5 11. Nge2 exd4 12. exd4 O-O 13. O-O Re8 14. Bf2 Nf8 15. Rae1 Bd7 16. g4 Ne6 17. Kg2 Rac8 18. h4 Bc6 19. g5 Ne4 20. fxe4 dxe4 21. d5 exd3 22. Bxb6 dxe2 23. Rxe2 Bb5 24. dxe6 fxe6 25. Bxa7 Rc4 26. Kg3 Bc6 27. Rf4 Rxf4 28. Qxf4 1-0

[Event "January 2 Early 2024"]
[Site "https://www.chess.com"]
[Date "2024.01.02"]
[Round "6"]
[White "Kosteniuk, Alexandra"]
[Black "Estrada Nieto, Julian"]
[Result "1-0"]
[Board "93"]
[TimeControl "180+1"]
[WhiteFideId "4128125"]
[BlackFideId "5101018"]
[WhiteElo "2753"]
[BlackElo "2495"]
[WhiteTeam "SUI"]
[BlackTeam "ESP"]
[WhiteClock "0:00:54"]
[BlackClock "0:00:01"]

1. c4 e5 2. Nc3 Nf6 3. g3 d5 4. cxd5 Nxd5 5. Bg2 Nb6 6. Nf3 Nc6 7. O-O Be7 8. b3 O-O 9. Bb2 f5 10. d3 Bf6 11. Nd2 Be6 12. Rc1 Nd5 13. Na4 Rb8 14. Nc5 Bc8 15. a3 b6 16. Nce4 fxe4 17. Rxc6 Bb7 18. Rc4 e3 19. Ne4 exf2+ 20. Rxf2 Ne3 21. Qc1 Nxc4 22. Qxc4+ Kh8 23. a4 Bd5 24. Qc2 Qd7 25. b4 Be7 26. Rxf8+ Rxf8 27. Bxe5 Bxb4 28. Qb2 Bxe4 29. Qxb4 Re8 30. Qxe4 c5 31. e3 a6 32. h4 b5 33. axb5 axb5 34. h5 h6 35. Kh2 b4 36. d4 c4 37. Qg6 Re6 38. Qf5 b3 39. Qf8+ Kh7 40. Be4+ g6 41. Qh8# 1-0

[Event "January 2 Early 2024"]
[Site "https://www.chess.com"]
[Date "2024.01.02"]
[Round "6"]
[White "Fiedorek, Michal"]
[Black "Rakitin, Daniil"]
[Result "0-1"]
[Board "94"]
[TimeControl "180+1"]
[WhiteFideId "1199528"]
[BlackFideId "24219762"]
[WhiteElo "2492"]
[BlackElo "2711"]
[WhiteTeam "POL"]
[BlackTeam "RUS"]
[WhiteClock "0:00:02"]
[BlackClock "0:01:29"]

1. e4 d6 2. d4 g6 3. Nc3 Bg7 4. Be3 a6 5. f3 b5 6. Qd2 Bb7 7. O-O-O Nd7 8. g4 c5 9. h4 h5 10. gxh5 Rxh5 11. Nce2 Ngf6 12. Ng3 Rh8 13. N1e2 Rc8 14. dxc5 Ne5 15. cxd6 Nc4 16. Qd4 exd6 17. c3 Qa5 18. Kb1 Kf8 19. Bf4 Nxe4 20. Qd3 Nf2 21. Bxd6+ Kg8 0-1

[Event "January 2 Early 2024"]
[Site "https://www.chess.com"]
[Date "2024.01.02"]
[Round "6"]
[White "Manolache, Marius"]
[Black "Korpics, Zsolt"]
[Result "1-0"]
[Board "95"]
[TimeControl "180+1"]
[WhiteFideId "1201530"]
[BlackFideId "705241"]
[WhiteElo "2680"]
[BlackElo "2494"]
[WhiteTeam "ROU"]
[BlackTeam "HUN"]
[WhiteClock "0:00:22"]
[BlackClock "0:00:00"]

1. d4 Nf6 2. Bg5 Ne4 3. Bf4 c5 4. f3 Qa5+ 5. c3 Nf6 6. d5 d6 7. e4 g6 8. Na3 Bg7 9. Nc4 Qd8 10. a4 b6 11. Qd2 h5 12. h4 Bb7 13. Nh3 Nbd7 14. Ng5 a6 15. Be2 Nh7 16. Nxh7 Rxh7 17. Bg5 Ne5 18. Ne3 Qc7 19. b3 O-O-O 20. Nc4 Nxc4 21. bxc4 a5 22. Kf2 Ba6 23. Rhb1 Kb7 24. Rb2 Ka7 25. Bd3 f6 26. Be3 Rhh8 27. e5 fxe5 28. Bxg6 Bf6 29. g3 Rdg8 30. Bf7 Rg7 31. Be6 Bc8 32. Bg5 Bxe6 33. dxe6 Rhg8 34. f4 exf4 35. gxf4 Bxg5 36. hxg5 Qc6 37. Qd5 Qc7 38. Rh1 Rf8 39. Kg3 Rg6 40. Rf2 Qc8 41. Re1 h4+ 42. Kg4 h3 43. f5 Rg7 44. g6 Rh8 45. Rh2 Qf8 46. Rxh3 Rxh3 47. Kxh3 Qf6 48. Kg4 Rg8 49. Rh1 Qxc3 50. Rh7 Qf6 51. Rf7 Rh8 52. Rxf6 exf6 53. Qxd6 1-0

[Event "January 2 Early 2024"]
[Site "https://www.chess.com"]
[Date "2024.01.02"]
[Round "6"]
[White "Rozman, Levy"]
[Black "Vallejo Diaz, Javier"]
[Result "0-1"]
[Board "96"]
[TimeControl "180+1"]
[WhiteFideId "2039877"]
[BlackFideId "2256398"]
[WhiteElo "2666"]
[BlackElo "2487"]
[WhiteTeam "USA"]
[BlackTeam "ESP"]
[WhiteClock "0:00:00"]
[BlackClock "0:00:10"]

1. e4 c5 2. Nc3 e6 3. d4 cxd4 4. Qxd4 Nc6 5. Qd3 a6 6. Bf4 e5 7. Bg3 Nf6 8. O-O-O Be7 9. f4 Qa5 10. Nf3 O-O 11. Nxe5 Nb4 12. Qc4 b5 13. Qb3 d6 14. Qxb4 Qxb4 15. Nc6 Qc5 16. Nxe7+ Kh8 17. Bd3 Be6 18. Kb1 Rfe8 19. Ncd5 Nxd5 20. Nxd5 f5 21. Nc3 b4 22. Na4 Qc6 23. b3 fxe4 24. Be2 Rac8 25. Rc1 Bf5 26. Rhe1 d5 27. Bf2 e3 28. Bg1 Bxc2+ 29. Ka1 Qf6+ 30. Nb2 Bf5 31. Rcd1 Rc2 32. Rb1 Rec8 33. g4 Rxe2 34. Rxe2 Bxb1 35. Kxb1 d4 36. f5 Qc6 0-1

[Event "January 2 Early 2024"]
[Site "https://www.chess.com"]
[Date "2024.01.02"]
[Round "6"]
[White "Guerra Tulcan, Lenin"]
[Black "Spitzl, Vinzent"]
[Result "0-1"]
[Board "97"]
[TimeControl "180+1"]
[WhiteFideId "3601382"]
[BlackFideId "12901253"]
[WhiteElo "2647"]
[BlackElo "2488"]
[WhiteTeam "ECU"]
[BlackTeam "GER"]
[WhiteClock "0:00:37"]
[BlackClock "0:00:29"]

1. e4 c5 2. Nf3 d6 3. b4 cxb4 4. a3 bxa3 5. Bxa3 Nc6 6. c3 e6 7. Bd3 Nf6 8. O-O Be7 9. Bc2 O-O 10. d4 b6 11. Nbd2 Bb7 12. Qb1 h6 13. Rd1 Rc8 14. Nf1 Na5 15. Bb4 Nc6 16. Ba3 Na5 17. Bb4 Nc6 18. e5 Nd5 19. Ne3 Ncxb4 20. cxb4 Nc3 21. Qb3 Nxd1 22. Bxd1 Bxf3 23. Bxf3 dxe5 24. dxe5 Qd4 25. Rb1 Rfd8 26. g3 a5 27. bxa5 bxa5 28. Kg2 Qxe5 29. Qb7 Bb4 30. Ng4 Qc7 31. Qa6 Qc2 32. Ra1 Rc3 33. Qb6 Rdc8 34. Bb7 Rb8 35. Qa7 Rd8 36. Rxa5 Bxa5 37. Qxa5 Rc7 38. Ne5 Qc5 39. Qxc5 Rxc5 40. f4 Rxe5 41. fxe5 Rd2+ 42. Kf3 Rxh2 43. Be4 Ra2 44. Bd3 Ra3 45. Ke4 Rxd3 46. Kxd3 f6 47. exf6 gxf6 48. Ke4 Kf7 49. Kf4 Kg6 50. Kg4 e5 51. Kh4 f5 52. Kh3 Kg5 53. Kg2 Kg4 54. Kf2 e4 55. Ke3 Kxg3 56. Kd4 f4 57. Ke5 f3 58. Kf6 e3 59. Kg7 f2 60. Kh8 e2 61. Kh7 e1=Q 62. Kg8 f1=Q 63. Kh8 Qe8+ 64. Kg7 Qff7+ 65. Kxh6 Qg6# 0-1

[Event "January 2 Early 2024"]
[Site "https://www.chess.com"]
[Date "2024.01.02"]
[Round "6"]
[White "Gontcharov, Vladislav"]
[Black "Cruz Ravina, Francisco Javier"]
[Result "0-1"]
[Board "98"]
[TimeControl "180+1"]
[WhiteFideId "4123492"]
[BlackFideId "2228939"]
[WhiteElo "2633"]
[BlackElo "2483"]
[WhiteTeam "RUS"]
[BlackTeam "ESP"]
[WhiteClock "0:00:13"]
[BlackClock "0:01:49"]

1. e4 d5 2. exd5 Nf6 3. d4 Nxd5 4. c4 Nb4 5. a3 N4c6 6. Nf3 Bg4 7. d5 Bxf3 8. Qxf3 Nd4 9. Qd1 e5 10. Bd3 c5 11. O-O Nd7 12. Nc3 Be7 13. Qg4 g6 14. Bh6 f5 15. Qd1 Bg5 16. Bxg5 Qxg5 17. f4 exf4 18. Ne2 f3 19. Ng3 O-O 20. Kh1 fxg2+ 21. Kxg2 f4 22. Qc1 Nb3 23. Qe1 Rae8 0-1

[Event "January 2 Early 2024"]
[Site "https://www.chess.com"]
[Date "2024.01.02"]
[Round "6"]
[White "Mirzoev, Azer"]
[Black "Sanchez Alvares, Kelvin Antonio"]
[Result "1-0"]
[Board "99"]
[TimeControl "180+1"]
[WhiteFideId "13400304"]
[BlackFideId "3906680"]
[WhiteElo "2625"]
[BlackElo "2466"]
[WhiteTeam "AZE"]
[BlackTeam "VEN"]
[WhiteClock "0:00:18"]
[BlackClock "0:00:00"]

1. e4 e5 2. Nc3 Nc6 3. Bc4 Nf6 4. d3 Bc5 5. h3 d6 6. Nge2 h6 7. Ng3 Be6 8. Be3 Bb6 9. Qd2 Qd7 10. Nd5 Bxd5 11. exd5 Ne7 12. Bxb6 axb6 13. d4 exd4 14. Qxd4 Ra4 15. b3 Ra5 16. b4 Ra8 17. O-O O-O 18. Rfe1 Nf5 19. Nxf5 Qxf5 20. Bb3 Rfe8 21. a4 Nd7 22. Qc3 Rxe1+ 23. Rxe1 Rc8 24. Bc4 Qf6 25. Qd2 Ne5 26. Bb5 g5 27. Re3 Kg7 28. Qc3 Ng6 29. Bd7 Qxc3 30. Rxc3 Rd8 31. Rxc7 Ne7 32. c4 Rb8 33. Be6 Kf6 34. Bd7 Ng6 35. Bb5 Ne5 36. Kf1 Nd3 37. Rd7 Ke5 38. Rxf7 Nxb4 39. Re7+ Kd4 40. Re6 Kc5 41. Rxh6 Rf8 42. f3 Rf5 43. Rh7 Re5 44. Kf2 1-0

[Event "January 2 Early 2024"]
[Site "https://www.chess.com"]
[Date "2024.01.02"]
[Round "6"]
[White "Zavgorodniy, Sergiy"]
[Black "Namitbir Singh Walia"]
[Result "1-0"]
[Board "100"]
[TimeControl "180+1"]
[WhiteFideId "14110148"]
[BlackFideId "35071068"]
[WhiteElo "2622"]
[BlackElo "2465"]
[WhiteTeam "UKR"]
[BlackTeam "IND"]
[WhiteClock "0:00:49"]
[BlackClock "0:00:00"]

1. e4 c5 2. Nf3 Nc6 3. Bb5 e5 4. O-O Bd6 5. c3 Nge7 6. a3 a6 7. Bc4 O-O 8. b4 b5 9. Ba2 c4 10. d3 cxd3 11. Qxd3 Bc7 12. c4 d6 13. Nc3 bxc4 14. Bxc4 Bg4 15. Bg5 Kh8 16. h3 Bxf3 17. Qxf3 Nd4 18. Qd3 f6 19. Be3 Bb6 20. Bxa6 Qd7 21. Bc4 Rfc8 22. Nd5 Bd8 23. Nxe7 Bxe7 24. Bd5 Ra7 25. Rfc1 Rac7 26. Rxc7 Qxc7 27. Rc1 Qb8 28. Rxc8+ Qxc8 29. a4 Bd8 30. a5 Qb8 31. Qc4 g6 32. Bd2 Nb5 33. Bc6 Nc7 34. b5 d5 35. exd5 Be7 36. b6 Ne8 37. b7 Bd6 38. a6 Kg7 39. Be3 1-0

[Event "January 2 Early 2024"]
[Site "https://www.chess.com"]
[Date "2024.01.02"]
[Round "6"]
[White "Yagupov, Igor"]
[Black "Mohammadi, Melika"]
[Result "0-1"]
[Board "101"]
[TimeControl "180+1"]
[WhiteFideId "4113632"]
[BlackFideId "42529271"]
[WhiteElo "2615"]
[BlackElo "2460"]
[WhiteTeam "RUS"]
[BlackTeam "IRI"]
[WhiteClock "0:00:24"]
[BlackClock "0:00:30"]

1. e4 e5 2. Nf3 Nc6 3. Bb5 a6 4. Ba4 Nf6 5. O-O Be7 6. Re1 b5 7. Bb3 O-O 8. c3 d5 9. exd5 Nxd5 10. Nxe5 Nxe5 11. Rxe5 c6 12. d3 Bd6 13. Re1 Bf5 14. Qf3 Qh4 15. g3 Qh3 16. Bxd5 cxd5 17. Bf4 Rae8 18. Nd2 Bg4 19. Qg2 Bxf4 20. Qxh3 Bxh3 21. gxf4 Re6 22. Re3 Rg6+ 23. Rg3 Re8 24. a4 bxa4 25. Nf3 Bf5 26. Ne5 Rxg3+ 27. fxg3 f6 28. Nc6 Bxd3 29. Nd4 Rb8 30. Kf2 Rxb2+ 31. Ke3 Bb5 32. h4 Rg2 33. Kf3 Rd2 34. Ra3 Rd3+ 35. Kf2 h5 36. f5 Bc4 37. Kg2 Rd2+ 38. Kf3 Ra2 39. Rxa2 Bxa2 40. Nc2 Bb1 41. Na3 Bxf5 42. Ke3 Kf7 43. Kd4 Ke6 44. c4 dxc4 45. Nxc4 Bc2 46. Na3 Bb3 47. Nb1 Kf5 48. Ke3 Kg4 49. Kf2 f5 50. Nd2 f4 51. gxf4 Kxf4 0-1

[Event "January 2 Early 2024"]
[Site "https://www.chess.com"]
[Date "2024.01.02"]
[Round "6"]
[White "Bolat, Inayat"]
[Black "Aaditya Dhingra"]
[Result "1/2-1/2"]
[Board "102"]
[TimeControl "180+1"]
[WhiteFideId "13733125"]
[BlackFideId "25678191"]
[WhiteElo "2441"]
[BlackElo "2604"]
[WhiteTeam "KAZ"]
[BlackTeam "IND"]
[WhiteClock "0:00:03"]
[BlackClock "0:00:19"]

1. e4 e5 2. Nf3 Nc6 3. Bb5 a6 4. Ba4 Nf6 5. O-O d6 6. c4 g6 7. d4 Bd7 8. Nc3 Bg7 9. Bxc6 Bxc6 10. dxe5 dxe5 11. Nxe5 Qxd1 12. Rxd1 Nxe4 13. Nxc6 Nxc3 14. Re1+ Kd7 15. Ne5+ Bxe5 16. Rxe5 Rhe8 17. Rxe8 Rxe8 18. Be3 Ne4 19. Rd1+ Kc6 20. b4 b5 21. cxb5+ axb5 22. Rc1+ Kb7 23. f3 Nd6 24. Kf2 Nc4 25. Bc5 Kc6 26. a4 Rd8 27. Rc2 Ra8 28. a5 Rd8 29. a6 Ra8 30. a7 Kb7 31. Re2 Nb6 32. Re7 Rxa7 33. Rxf7 Ra2+ 34. Kg3 h5 35. Rg7 Na4 36. Bd6 Rc2 37. Bf4 h4+ 38. Kxh4 Rxg2 39. Rxc7+ Kb6 40. Rg7 Nc3 41. Kh3 Re2 42. Rxg6+ Kb7 43. Kg3 Nd5 44. Rg7+ Kc6 45. Rg6+ Kb7 46. Bd6 Ne3 47. Bc5 Rg2+ 48. Kf4 Rxg6 49. Kxe3 Rh6 50. f4 Kc6 51. Ke4 Rxh2 52. f5 Rh1 53. Ke5 Re1+ 54. Kf6 Kd7 55. Kf7 Rf1 56. f6 Rf5 57. Be7 Rf4 58. Bc5 Rf3 59. Be7 Ra3 60. Bc5 Ra2 61. Be7 Rf2 62. Bc5 Rf3 63. Be7 Rf1 64. Bc5 Rf3 1/2-1/2

[Event "January 2 Early 2024"]
[Site "https://www.chess.com"]
[Date "2024.01.02"]
[Round "6"]
[White "Borda Rodas, Anapaola S."]
[Black "Assylov, Miras"]
[Result "0-1"]
[Board "103"]
[TimeControl "180+1"]
[WhiteFideId "152781"]
[BlackFideId "13728873"]
[WhiteElo "2454"]
[BlackElo "2600"]
[WhiteTeam "ARG"]
[BlackTeam "KAZ"]
[WhiteClock "0:00:25"]
[BlackClock "0:00:04"]

1. e4 c5 2. Nf3 e6 3. d4 cxd4 4. Nxd4 Nf6 5. Bd3 Nc6 6. Nxc6 bxc6 7. O-O d5 8. e5 Nd7 9. Re1 Be7 10. c4 O-O 11. Nc3 Nc5 12. Bf1 f6 13. exf6 Bxf6 14. Be3 Nd7 15. Rc1 Ne5 16. Bc5 Re8 17. cxd5 exd5 18. h3 Bd7 19. Na4 Qa5 20. Bd4 Qxe1 21. Qxe1 Nf3+ 22. gxf3 Rxe1 23. Rxe1 Bxd4 24. Re7 Rd8 25. b4 Kf8 26. Re1 Bf6 27. Nc5 Bf5 28. Ne6+ Bxe6 29. Rxe6 Rc8 30. a4 Kf7 31. Re1 Bc3 32. Rb1 Rb8 33. b5 c5 34. Rd1 Ke6 35. h4 Rd8 36. f4 Kf5 37. Bd3+ Kxf4 38. Bxh7 c4 39. h5 d4 40. Bg6 Bb2 41. a5 Rb8 42. Bf7 Rxb5 43. Bxc4 Rxa5 44. Kg2 Rxh5 45. Rb1 Rg5+ 46. Kf1 Bc3 47. Rb7 a5 48. Rf7+ Ke5 49. Re7+ Kd6 50. Ra7 Kc5 51. Bd3 Kb4 52. Rb7+ Ka3 53. Ke2 a4 54. f4 Rg2+ 55. Kf3 Rd2 56. Ke4 Rb2 57. Rxg7 Ka2 58. f5 a3 59. Ra7 Rf2 60. Ra6 Bb4 61. Bc4+ Kb2 62. Kxd4 Rf4+ 63. Kd3 Rxf5 64. Be6 Re5 65. Kd4 Rh5 66. Kc4 Rh4+ 67. Kb5 a2 68. Rxa2+ Kc3 69. Ra1 Rh5+ 70. Ka4 Ra5# 0-1

[Event "January 2 Early 2024"]
[Site "https://www.chess.com"]
[Date "2024.01.02"]
[Round "6"]
[White "Aadit Bhatia"]
[Black "Shubenkova, Veronika"]
[Result "0-1"]
[Board "104"]
[TimeControl "180+1"]
[WhiteFideId "25088955"]
[BlackFideId "44124040"]
[WhiteElo "2427"]
[BlackElo "2593"]
[WhiteTeam "IND"]
[BlackTeam "RUS"]
[WhiteClock "0:00:07"]
[BlackClock "0:01:42"]

1. e4 e6 2. d4 d5 3. Nc3 Nf6 4. e5 Nfd7 5. f4 c5 6. Nf3 cxd4 7. Nxd4 a6 8. Be3 Nc6 9. Qd2 Bc5 10. O-O-O Nxd4 11. Bxd4 Qc7 12. Kb1 b5 13. Bxc5 Nxc5 14. Bd3 Bb7 15. Ne2 O-O-O 16. Nd4 Kb8 17. Qe3 g6 18. g4 Rd7 19. h4 Rc8 20. h5 Ne4 21. hxg6 hxg6 22. Rh2 Qb6 23. Bxe4 dxe4 24. Rhd2 Bd5 25. f5 gxf5 26. gxf5 Rdc7 27. fxe6 fxe6 28. c3 b4 29. cxb4 Qxb4 30. a3 Qc4 31. Rc2 Qa2+ 32. Kc1 Kb7 33. Rxc7+ Rxc7+ 34. Kd2 Qxb2+ 35. Ke1 Qc3+ 36. Qxc3 Rxc3 37. a4 Rc4 38. a5 Ra4 39. Rb1+ Kc7 40. Rc1+ Kd7 41. Nb3 Bxb3 42. Rb1 Bd5 43. Rb6 Rxa5 44. Ke2 Rc5 45. Rxa6 Bc4+ 0-1

[Event "January 2 Early 2024"]
[Site "https://www.chess.com"]
[Date "2024.01.02"]
[Round "6"]
[White "Seletsky, Grigory"]
[Black "Ambartsumova, Karina"]
[Result "0-1"]
[Board "105"]
[TimeControl "180+1"]
[WhiteFideId "14112191"]
[BlackFideId "4166299"]
[WhiteElo "2423"]
[BlackElo "2591"]
[WhiteTeam "UKR"]
[BlackTeam "RUS"]
[WhiteClock "0:01:02"]
[BlackClock "0:00:45"]

1. b3 e5 2. Bb2 Nc6 3. e3 g6 4. Nf3 Bg7 5. c4 Nge7 6. d3 O-O 7. Nbd2 d5 8. cxd5 Nxd5 9. a3 a5 10. Qc2 h6 11. Be2 Kh7 12. O-O f5 13. Nc4 Qe7 14. d4 e4 15. Nfe5 Nxe5 16. Nxe5 c6 17. Bc4 Be6 18. Bxd5 Bxd5 19. Bc3 Qe6 20. b4 a4 21. Bb2 f4 22. exf4 Rxf4 23. Rae1 Raf8 24. Qxa4 Bxe5 25. dxe5 Bc4 26. Qa7 Bxf1 27. Rxf1 R8f7 28. Qd4 Rg4 29. Rd1 h5 30. Qd8 e3 31. fxe3 Qf5 32. Qd2 Qe4 33. e6 Re7 34. Re1 Qxe6 35. Qd4 Rxd4 0-1